 Dungeon Crawl Stone Soup version 0.15.2 (webtiles) character file.

184 deliverbassnrhyme the Insei (level 5, -1/41 HPs)
             Began as a Mummy Monk on Apr 20, 2015.
             Slain by magipi's ghost (10 damage)
             ... on Level 4 of the Dungeon.
             The game lasted 00:17:07 (6102 turns).

deliverbassnrhyme the Insei (Mummy Monk)            Turns: 6102, Time: 00:17:07

HP  -1/41        AC  2     Str 14      XL: 5   Next: 36%
MP   5/5         EV 13     Int  9      God:
Gold 104         SH  0     Dex 15      Spells:  0 memorised,  4 levels left

rFire  x . .     SeeInvis .       - Unarmed
rCold  + . .     Clarity  .     (no armour)
rNeg   + + +     rCorr    .     (no shield)
rPois  +         rRot     +     (no helmet)
rElec  .         Spirit   .     g - +1 cloak
SustAb .         Warding  .     (no gloves)
rMut   .         Stasis   .     (no boots)
Gourm  .                        (no amulet)
MR     .....                    (no ring)
                                (no ring)

@: not resistant to hostile enchantments, unstealthy
A: no food or potions, fire vulnerability, restore body, cold resistance 1,
negative energy resistance 3, poison resistance, torment resistance, unbreathing
a: no special abilities


You were on level 4 of the Dungeon.
You were not hungry.

You visited 1 branch of the dungeon, and saw 4 of its levels.

You collected 104 gold pieces.


Innate Abilities, Weirdness & Mutations

You do not eat or drink.
Your flesh is vulnerable to fire.
Your flesh is cold resistant.
You are immune to negative energy.
Your system is resistant to poisons.
You are immune to unholy pain and torment.
You can survive without breathing.


   Skills:
 - Level 3.0 Fighting
 + Level 3.2 Dodging
 - Level 1.5 Stealth
 - Level 5.0 Unarmed Combat


You had 4 spell levels left.
You didn't know any spells.

Inventory:

Armour
 g - a +1 cloak (worn)
Comestibles
 a - 2 beef jerkies
 h - 2 bread rations
Scrolls
 b - a scroll of random uselessness
 d - 4 scrolls of remove curse
 f - a scroll of enchant weapon
Potions
 c - 2 potions of porridge (quivered)

Dungeon Overview and Level Annotations

Branches:
Dungeon (4/15)
 Temple: D:4-7

Altars:

Annotations:
D:2 HAMMERS, exclusions: downstairs and 1 more exclusion
D:3 Grinder
D:4 magipi's ghost, weakling TeSu

##W..# #W##.. ##..#.# #5....
###############..##.# #.5...
##.....#.........###.####.....
#.............#### #..W<......
#...............# ######.....
S..............# #.....
..........55WK.# #.....
.............@.# #.....
......g...Ks5.# #.....
............## #.....
....#.....## ##### ##########


You could see magipi's ghost, a crimson imp, a white imp, a shadow imp, a giant
cockroach, a hobgoblin and 2 kobolds.


Message History

* * * LOW HITPOINT WARNING * * *
Magipi's ghost gestures wildly while chanting.
Found 12 gold pieces.
The white imp gestures at you. The puff of frost hits you! You resist.
* * * LOW HITPOINT WARNING * * *
Found a lumpy cyan potion.
A giant cockroach comes into view.
The giant cockroach bites you but does no damage.
The giant cockroach misses you.
Here: a giant cockroach (clinging)
The floor.
The giant cockroach barely misses you.
The white imp disappears in a puff of smoke!
The giant cockroach closely misses you.
A kobold comes into view.
A kobold comes into view. It is wielding a glowing dagger.
Magipi's ghost mumbles some strange words.
The giant cockroach bites you but does no damage.
The kobold shouts!
An adder comes into view.
A hobgoblin comes into view. It is wielding a club.
The giant cockroach misses you.
Magipi's ghost mumbles some strange words.
The kobold barely misses you. The giant cockroach misses you.
Magipi's ghost casts a spell.
Here: magipi's ghost The floor.
Magipi's ghost hits you!
You die...

Action                   |  1- 3 |  4- 6 || total
-------------------------+-------+-------++-------
Melee: Unarmed           |   155 |   187 ||   342
  Use: Scroll            |     5 |     2 ||     7
 Stab: Sleeping          |     1 |     2 ||     3

Vault maps used:
D:1:      erik_arrival_cave_to_civilisation
D:2:      first_bread, uniq_crazy_yiuf_cottage, uniq_jessica
D:3:      uniq_grinder
D:4:      elyvilon_altar_4, uniq_pikel, uniq_menkaure

Notes
Turn   | Place    | Note
--------------------------------------------------------------
     0 | D:1      | deliverbassnrhyme, the Mummy Monk, began the quest for the Orb.
     0 | D:1      | Reached XP level 1. HP: 18/18 MP: 1/1
     7 | D:1      | WHAT A NICE DAY TO MUMO
   699 | D:1      | Reached XP level 2. HP: 17/24 MP: 2/2
  1800 | D:2      | Reached skill level 4 in Unarmed Combat
  1828 | D:2      | Reached XP level 3. HP: 18/29 MP: 3/3
  2822 | D:2      | Noticed Jessica
  2853 | D:2      | Killed Jessica
  2853 | D:2      | Reached XP level 4. HP: 14/35 MP: 4/4
  2857 | D:2      | HP: 3/35 [adder (3)]
  3507 | D:2      | Reached skill level 5 in Unarmed Combat
  4109 | D:3      | Reached XP level 5. HP: 25/41 MP: 5/5
  4633 | D:3      | Noticed Grinder
  4645 | D:3      | Paralysed by Grinder for 6 turns
  4783 | D:3      | Paralysed by Grinder for 6 turns
  5192 | D:3      | Reached skill level 3 in Dodging
  6056 | D:4      | Noticed magipi's ghost (weakling TeSu)
  6102 | D:4      | Slain by magipi's ghost

Vanquished Creatures
  A worker ant (D:3)
  Jessica (D:2)
  5 adders
  3 worms
  2 giant geckos
  An ooze (D:2)
  4 orcs
  3 giant cockroaches
  7 hobgoblins
  5 jackals
  5 quokkas
  14 bats
  5 giant newts
  11 goblins
  6 kobolds
  7 rats
80 creatures vanquished.
